 Dungeon Crawl Stone Soup version 0.19-a0-414-g76fec5b (webtiles) character file.

60 wvc the Skirmisher (level 3, 12/30 HPs)
             Began as a Mummy Wanderer on May 31, 2016.
             Was an Initiate of Trog.
             Quit the game on level 4 of the Dungeon.
             The game lasted 00:04:35 (3050 turns).

wvc the Skirmisher (Mummy Wanderer)                 Turns: 3050, Time: 00:04:36

Health: 12/30      AC:  2    Str: 13    XL:     3   Next: 82%
Magic:  3/3        EV: 11    Int: 11    God:    Trog [......]
Gold:   173        SH:  0    Dex: 14    Spells: 0 memorised, 2 levels left

rFire  . . .     SeeInvis .     j - +0 dagger (vamp)
rCold  + . .     Gourm    .     e - +0 robe
rNeg   + + +     Faith    .     (no shield)
rPois  ∞         Spirit   .     (no helmet)
rElec  .         Dismiss  .     (no cloak)
rCorr  .         Reflect  .     (no gloves)
SustAt .         Harm     .     (no boots)
MR     .....                    (no amulet)
Stlth  ++........               (no ring)
                                q - ring of protection from fire

@: drained, not resistant to hostile enchantments, unstealthy
A: no food or potions, fire vulnerability, cold resistance 1, negative energy
resistance 3, torment resistance, unbreathing
a: Burn Spellbooks, Renounce Religion


You were on level 4 of the Dungeon.
You worshipped Trog.
Trog was noncommittal.
You were not hungry.

You visited 1 branch of the dungeon, and saw 4 of its levels.

You collected 173 gold pieces.

Inventory:

Hand Weapons
 a - a +2 dagger
 c - a +0 spear
 j - a +0 vampiric dagger (weapon)
Missiles
 l - 22 poisoned needles
Armour
 e - a +0 robe (worn)
 k - a +1 leather armour
Jewellery
 q - a ring of protection from fire (left hand)
Wands
 d - a wand of random effects (14/48)
 m - a wand of polymorph (15/24)
Scrolls
 b - a scroll of fear
 f - 7 scrolls of identify
 g - 3 scrolls of random uselessness
 h - 2 scrolls of recharging


   Skills:
 - Level 4.0(3.5) Fighting
 + Level 2.0(1.6) Short Blades
 - Level 1.7(1.2) Polearms
 - Level 2.4(1.9) Armour
 - Level 1.0(0.5) Stealth
   Level 1.0(0.5) Shields
 - Level 1.0(0.5) Evocations


You had 2 spell levels left.
You didn't know any spells.

Dungeon Overview and Level Annotations

Branches:
Dungeon (4/15)
 Temple: D:4-7

Altars:
Dithmenos
Trog

Annotations:
D:3 Inverse's ghost, amateur DsIE


Innate Abilities, Weirdness & Mutations

You do not eat or drink.
Your flesh is vulnerable to fire.
You are immune to poison.
Your flesh is cold resistant. (rC+)
You are immune to negative energy. (rN+++)
You are immune to unholy pain and torment.
You can survive without breathing.


Message History

You hit the orc but do no damage.
The orc is heavily wounded.
The goblin completely misses you. The orc hits you.
You hit the orc but do no damage.
The orc is heavily wounded.
The goblin hits you. The orc misses you.
A goblin opens the door.
An orc comes into view. It is wielding a club.
An orc wizard comes into view. It is wielding a dagger.
There is a stone staircase leading down here.
The orc hits you.
The orc wizard hits you but does no damage.
You climb downwards.
The worker ant bites you. The worker ant barely misses you.
There is a stone staircase leading up here.
You hit the orc but do no damage.
The orc is moderately wounded.
The worker ant bites you but does no damage.
The orc barely misses you. The orc wizard completely misses you.
Are you sure you want to abandon this character and quit the game? (Confirm with "yes".)

#.. #.##.#
#.##.#
#.##.#
#.##(#
#.##.#
#.##.#
#.##o###
#.#@...###..
#.a#o.......
###<._.###..
##..§#
###.###
#...#
#.......{=
#...###...
##.## .


You could see a worker ant, an orc wizard and an orc.

Vanquished Creatures
  2 adders (D:2)
  A giant gecko (D:1)
  3 ball pythons (D:3)
  A giant cockroach (D:1)
  5 goblins
  5 hobgoblins
  4 jackals (D:2)
  4 kobolds
  A quokka (D:3)
  6 bats
  4 giant newts
  5 rats
41 creatures vanquished.

Notes
Turn   | Place    | Note
--------------------------------------------------------------
     0 | D:1      | wvc the Mummy Wanderer began the quest for the Orb.
     0 | D:1      | wvc set off with: a +2 dagger, a scroll of fear, a +0 spear, a wand of random effects (15/48), a +0 robe
     0 | D:1      | Reached XP level 1. HP: 19/19 MP: 1/1
   181 | D:1      | Reached skill level 1 in Polearms
   485 | D:1      | Reached XP level 2. HP: 25/25 MP: 2/2
  1352 | D:2      | Reached skill level 1 in Short Blades
  1372 | D:2      | Reached XP level 3. HP: 12/30 MP: 3/3
  2162 | D:3      | Found a bloodstained altar of Trog.
  2269 | D:3      | Became a worshipper of Trog the Wrathful
  2762 | D:3      | Noticed Inverse's ghost (amateur DsIE)
  2787 | D:4      | Found a shadowy altar of Dithmenos.
  3050 | D:4      | Quit the game

Vault maps used:
D:1:      eino_arrival_water_cross
D:3:      grunt_temple_overflow_champion_of_chaos, bloody_trog, zin_treasury,
          first_bread
D:4:      lemuel_coloured_pillars_altar, grunt_dithmenos_smoke,
          nicolae_temple_entry_ecumenical, grunt_ministairs_13,
          johnstein_pakellas_death_squad, uniq_duvessa

Skill      XL: |  1  2  3 |
---------------+----------+-----
Polearms       | 1 |  1.7
Short Blades   | 1 2 |  2.0
Fighting       | |  4.0
Armour         | |  2.4
Stealth        | |  1.0
Shields        | |  1.0
Evocations     | |  1.0

Action                   || total
-------------------------++-------
Melee: Spear             ||    58
       Dagger            ||   217
Evoke: Wand              ||     1
  Use: Scroll            ||     6
 Stab: Sleeping          ||     1
Armor: Robe              ||    43
Dodge: Dodged            ||   177
